Wolfpack vs Griffins
Created - Wednesday, February 5, 2025 at 20:25
Goals
|
Wolfpack |
0 |
2 |
2 |
0 |
0 |
4 |
Griffins |
1 |
1 |
2 |
0 |
1 |
5 |
|
Shots
|
Wolfpack |
10 |
13 |
14 |
3 |
3 |
40 |
Griffins |
5 |
7 |
13 |
2 |
2 |
27 |
|
1st period
1. Griffins , Fyodor Svechkov 15 (Nicholas Robertson 39, Matt Donovan 26) at 4:28
Penalties :
Mackenzie Entwistle (HAR) for Hooking (Minor) at 0:28, Josh Mahura (HAR) for Holding (Minor) at 1:01, Jacob MacDonald (HAR) for Cross-checking (Minor) at 4:45, Nicholas Robertson (GRG) for Tripping (Minor) at 7:11, Mackenzie Entwistle (HAR) for High sticking (Minor) at 15:05, Drew Helleson (HAR) for Tripping (Minor) at 19:34
2nd period
2. Griffins , Hendrix Lapierre 20 (John Ludvig 35) at 0:10 (PP)
3. Wolfpack , Mavrik Bourque 20 (Mackenzie Entwistle 26) at 9:29 (PP)
4. Wolfpack , Charles Hudon 21 (Will Butcher 25) at 12:29
Penalties :
Matt Donovan (GRG) for Roughing (Minor) at 0:25, Nicolas Deslauriers (HAR) for High sticking (Double Minor) at 0:30, John Ludvig (GRG) for Interference (Minor) at 0:54, Justin Sourdif (GRG) for Holding Stick (Minor) at 6:24, John Ludvig (GRG) for Interference (Minor) at 9:17, Nicholas Robertson (GRG) for Slashing (Minor) at 9:30, Jake Livingstone (GRG) for Cross-checking (Minor) at 10:57, Mackenzie Entwistle (HAR) for Roughing (Double Minor) at 10:57, Jack Finley (GRG) for Slashing (Minor) at 15:33, Matt Donovan (GRG) for Holding (Minor) at 16:28
3rd period
5. Griffins , Bryce Kindopp 10 (Mikhail Abramov 29) at 2:34
6. Wolfpack , Drake Caggiula 14 (Mackenzie Entwistle 27, Mavrik Bourque 39) at 8:21 (PP)
7. Griffins , Hendrix Lapierre 21 (Mikhail Abramov 30) at 13:18 (PP)
8. Wolfpack , John Leonard 17 (Vasili Ponomarev 19, Marco Scandella 29) at 17:42
Penalties :
John Ludvig (GRG) for Tripping (Minor) at 0:05, Bryce Kindopp (GRG) for High sticking (Minor) at 3:34, Drake Caggiula (HAR) for Interference (Minor) at 5:01, Eemil Viro (GRG) for Tripping (Minor) at 7:10, Nicolas Deslauriers (HAR) for Roughing (Minor) at 11:23, John Ludvig (GRG) for Tripping (Minor) at 15:37
Overtime #1
No Goal
Penalties :
No Penalty
Shootout
Wolfpack, Vasili Ponomarev - Shot Misses the Net
Griffins, Mikhail Abramov - Stopped by Jesper Wallstedt
Wolfpack, Mackenzie Entwistle - Stopped by Casey DeSmith
Griffins, Fyodor Svechkov - Goal!
Wolfpack, Drake Caggiula - Shot Misses the Net
Penalties :
No Penalty
Goalie Stats
Jesper Wallstedt (HAR), 23 saves from 27 shots - (0.852), OTL, 27-17-9, 65:00 minutes
Casey DeSmith (GRG), 36 saves from 40 shots - (0.900), W, 24-20-5, 65:00 minutes
Players Stats for Wolfpack
Player Name G A P +/- PIM S H SB GA TA FO MP PP MP PK MP
------------------------------------------------------------------------------------
Charles Hudon 1 0 1 1 0 3 0 1 0 0 10/18 18:59 7:41 3:20
Cole Schneider 0 0 0 0 0 3 2 0 0 0 2/4 16:30 0:00 4:57
Colton White 0 0 0 -1 0 0 0 0 0 0 0/0 7:46 0:33 1:43
Dillon Heatherington 0 0 0 0 0 0 0 0 0 0 0/0 11:54 1:36 0:22
Drake Caggiula 1 0 1 1 2 3 1 0 0 0 4/7 19:49 7:13 5:16
Drew Helleson 0 0 0 0 2 1 4 2 0 0 0/0 14:36 0:00 3:35
Emil Bemstrom 0 0 0 -1 0 1 0 0 0 0 0/0 5:25 0:17 0:10
Gage Quinney 0 0 0 0 0 2 1 0 0 0 2/4 17:28 7:27 3:59
Jacob MacDonald 0 0 0 1 2 2 0 0 0 0 0/0 20:47 6:15 4:49
John Leonard 1 0 1 0 0 3 1 0 0 0 3/9 16:45 0:49 0:00
Josh Mahura 0 0 0 0 2 4 0 2 0 0 0/0 22:05 7:38 5:21
Mackenzie Entwistle 0 2 2 -1 8 3 6 0 0 0 0/0 22:41 7:13 3:33
Marco Scandella 0 1 1 -1 0 2 3 3 0 0 0/0 25:54 7:21 5:45
Mavrik Bourque 1 1 2 0 0 4 0 0 0 0 10/21 14:43 7:14 1:04
Nicolas Deslauriers 0 0 0 0 6 4 1 0 0 0 3/8 18:41 7:22 4:23
Tyler Madden 0 0 0 -1 0 0 0 0 0 0 4/6 4:58 0:00 0:00
Vasili Ponomarev 0 1 1 0 0 3 0 1 0 0 8/13 13:31 0:17 0:00
Will Butcher 0 1 1 1 0 2 0 3 0 0 0/0 21:55 7:01 6:32
Players Stats for Griffins
Player Name G A P +/- PIM S H SB GA TA FO MP PP MP PK MP
------------------------------------------------------------------------------------
Artem Guryev 0 0 0 0 0 0 0 1 0 0 0/0 11:28 0:50 1:32
Brendan Warren 0 0 0 0 0 0 0 0 0 0 0/0 1:51 0:35 1:16
Bryce Kindopp 1 0 1 0 2 1 2 0 0 0 1/2 12:44 0:00 0:00
Chase Priskie 0 0 0 -1 0 2 0 3 0 0 0/0 26:53 6:53 9:59
Eemil Viro 0 0 0 0 2 0 0 2 0 0 0/0 15:53 1:10 6:03
Fyodor Svechkov 1 0 1 1 0 3 1 0 0 0 11/18 22:58 5:07 9:40
Hendrix Lapierre 2 0 2 -1 0 7 1 0 0 0 11/28 21:13 6:59 4:13
Jack Finley 0 0 0 0 2 0 0 0 0 0 0/2 1:45 0:17 0:44
Jacob Peterson 0 0 0 1 0 2 1 2 0 0 8/15 21:52 5:39 7:20
Jake Livingstone 0 0 0 1 2 1 1 4 0 0 0/0 23:39 6:22 6:10
Joel L'Esperance 0 0 0 0 0 0 1 0 0 0 2/4 8:00 0:00 0:00
John Ludvig 0 1 1 -1 8 2 2 5 0 0 0/0 22:53 7:06 6:12
Justin Sourdif 0 0 0 0 2 1 1 0 0 0 4/6 19:17 7:30 4:11
Marc McLaughlin 0 0 0 0 0 0 0 0 0 0 1/1 2:52 1:43 0:00
Matt Donovan 0 1 1 1 4 2 2 2 0 0 0/0 23:58 5:47 4:30
Matthew Boucher 0 0 0 0 0 0 3 0 0 0 0/1 14:48 0:00 0:00
Mikhail Abramov 0 2 2 0 0 2 2 1 0 0 5/10 19:52 7:48 0:00
Nicholas Robertson 0 1 1 0 4 4 0 0 0 0 1/3 19:39 6:34 3:58
3 Stars
1 - Hendrix Lapierre (GRG)
2 - Fyodor Svechkov (GRG)
3 - Mavrik Bourque (HAR)
Power Play
Wolfpack - 2 on 12 Attempt(s) - 16.67%
Griffins - 2 on 10 Attempt(s) - 20.00%
Penalty Kill
Wolfpack - 8 on 10 Attempt(s) - 80.00%
- Score 0 goal in Penalty Kill
Griffins - 10 on 12 Attempt(s) - 83.33%
- Score 0 goal in Penalty Kill
Team Stat
Wolfpack - Hits : 19 - Faceoff Wins : 46 - Blocked Shots : 12 - Penalty Minutes : 22
Griffins - Hits : 17 - Faceoff Wins : 44 - Blocked Shots : 20 - Penalty Minutes : 26
Official
Referees : Furman South and Eric Furlatt
Linesman : Tyson Baker and Derek Nansen
Game Notes
No Game Note
Finance
Level 1 -- Attendance: 1859 (92.95%) -- Ticket Income $65,065
Level 2 -- Attendance: 1000 (100.00%) -- Ticket Income $15,000
Total Attendance: 2859 (95.30%)
Total Ticket Income: $80,065
Other Income: $39,232
Total Income: $119,297
Wolfpack
5 vs 5 Forward
Center Left Wing Right Wing Time % Phy DF OF
1 Mavrik Bourque Mackenzie Entwistle Drake Caggiula 25 1 2 2
2 Charles Hudon Gage Quinney Nicolas Deslauriers 25 1 2 2
3 Vasili Ponomarev Cole Schneider John Leonard 25 1 2 2
4 Tyler Madden Emil Bemstrom Mackenzie Entwistle 25 1 2 2
5 vs 5 Defense
Defense Defense Time % Phy DF OF
1 Marco Scandella Josh Mahura 25 1 2 2
2 Jacob MacDonald Will Butcher 25 1 2 2
3 Dillon Heatherington Drew Helleson 25 1 2 2
4 Colton White Marco Scandella 25 1 2 2
PowerPlay Forward
Center Left Wing Right Wing Time % Phy DF OF
1 Mavrik Bourque Mackenzie Entwistle Drake Caggiula 60 1 2 2
2 Charles Hudon Gage Quinney Nicolas Deslauriers 40 1 2 2
PowerPlay Defense
Defense Defense Time % Phy DF OF
1 Marco Scandella Josh Mahura 60 1 2 2
2 Jacob MacDonald Will Butcher 40 1 2 2
Penalty Kill 4 Players Forward
Center Wing Time % Phy DF OF
1 Nicolas Deslauriers Mackenzie Entwistle 60 1 2 2
2 Drake Caggiula Charles Hudon 40 1 2 2
Penalty Kill 4 Players Defense
Defense Defense Time % Phy DF OF
1 Marco Scandella Josh Mahura 60 1 2 2
2 Jacob MacDonald Will Butcher 40 1 2 2
Penalty Kill - 3 Players Forward
Forward Time % Phy DF OF
1 Drake Caggiula 60 1 2 2
2 Mackenzie Entwistle 40 1 2 2
Penalty Kill - 3 Players Defense
Defense Defense Time % Phy DF OF
1 Marco Scandella Josh Mahura 60 1 2 2
2 Jacob MacDonald Will Butcher 40 1 2 2
4 vs 4 Forward
Center Wing Time % Phy DF OF
1 John Leonard Mackenzie Entwistle 60 1 2 2
2 Drake Caggiula Charles Hudon 40 1 2 2
4 vs 4 Defense
Defense Defense Time % Phy DF OF
1 Marco Scandella Josh Mahura 60 1 2 2
2 Jacob MacDonald Will Butcher 40 1 2 2
Last Minutes Offensive
Center Left Wing Right Wing Defense Defense
Mavrik Bourque Mackenzie Entwistle Drake Caggiula Marco Scandella Josh Mahura
Last Minutes Defensive
Center Left Wing Right Wing Defense Defense
Mavrik Bourque Mackenzie Entwistle Drake Caggiula Marco Scandella Josh Mahura
Goaltenders
Starting : Jesper Wallstedt
Backup : Cal Petersen
Extra Forwards
Normal : John Leonard, Vasili Ponomarev, Cole Schneider - PP : John Leonard, Vasili Ponomarev - PK : Cole Schneider
Extra Defensemen
Normal : Dillon Heatherington, Drew Helleson, Colton White - PP : Dillon Heatherington - PK : Drew Helleson, Colton White
Penalty Shots
Vasili Ponomarev, Mackenzie Entwistle, Drake Caggiula, Charles Hudon, Nicolas Deslauriers
Custom OT Lines Forwards
Mavrik Bourque, Mackenzie Entwistle, Drake Caggiula, Charles Hudon, Nicolas Deslauriers, John Leonard, Vasili Ponomarev, Gage Quinney, Cole Schneider, Tyler Madden
Custom OT Lines Defensemen
Marco Scandella, Josh Mahura, Jacob MacDonald, Will Butcher, Dillon Heatherington
Scratches
Wade Allison (Healthy), Skyler Brind'Amour (Healthy), Matthew Phillips (Healthy), Montana Onyebuchi (Healthy), Matt Filipe (Healthy)
Dave Gust (Healthy), Matt Kiersted (Healthy), Zach Sawchenko (Healthy)
Griffins
5 vs 5 Forward
Center Left Wing Right Wing Time % Phy DF OF
1 Hendrix Lapierre Joel L'Esperance Justin Sourdif 25 1 2 2
2 Jacob Peterson Fyodor Svechkov Nicholas Robertson 25 1 2 2
3 Mikhail Abramov Matthew Boucher Bryce Kindopp 25 1 2 2
4 Justin Sourdif Hendrix Lapierre Nicholas Robertson 25 1 2 2
5 vs 5 Defense
Defense Defense Time % Phy DF OF
1 John Ludvig Chase Priskie 25 1 2 2
2 Matt Donovan Jake Livingstone 25 1 2 2
3 Artem Guryev Eemil Viro 25 1 2 2
4 John Ludvig Chase Priskie 25 1 2 2
PowerPlay Forward
Center Left Wing Right Wing Time % Phy DF OF
1 Hendrix Lapierre Mikhail Abramov Justin Sourdif 60 1 2 2
2 Jacob Peterson Fyodor Svechkov Nicholas Robertson 40 1 2 2
PowerPlay Defense
Defense Defense Time % Phy DF OF
1 John Ludvig Chase Priskie 60 1 2 2
2 Matt Donovan Jake Livingstone 40 1 2 2
Penalty Kill 4 Players Forward
Center Wing Time % Phy DF OF
1 Fyodor Svechkov Jacob Peterson 60 1 2 2
2 Hendrix Lapierre Nicholas Robertson 40 1 2 2
Penalty Kill 4 Players Defense
Defense Defense Time % Phy DF OF
1 John Ludvig Chase Priskie 60 1 2 2
2 Matt Donovan Jake Livingstone 40 1 2 2
Penalty Kill - 3 Players Forward
Forward Time % Phy DF OF
1 Fyodor Svechkov 60 1 2 2
2 Nicholas Robertson 40 1 2 2
Penalty Kill - 3 Players Defense
Defense Defense Time % Phy DF OF
1 John Ludvig Chase Priskie 60 1 2 2
2 Matt Donovan Jake Livingstone 40 1 2 2
4 vs 4 Forward
Center Wing Time % Phy DF OF
1 Fyodor Svechkov Jacob Peterson 60 1 2 2
2 Hendrix Lapierre Nicholas Robertson 40 1 2 2
4 vs 4 Defense
Defense Defense Time % Phy DF OF
1 John Ludvig Chase Priskie 60 1 2 2
2 Matt Donovan Jake Livingstone 40 1 2 2
Last Minutes Offensive
Center Left Wing Right Wing Defense Defense
Hendrix Lapierre Jacob Peterson Nicholas Robertson John Ludvig Chase Priskie
Last Minutes Defensive
Center Left Wing Right Wing Defense Defense
Hendrix Lapierre Jacob Peterson Nicholas Robertson John Ludvig Chase Priskie
Goaltenders
Starting : Casey DeSmith
Backup : FarmGoal4
Extra Forwards
Normal : Marc McLaughlin, Mikhail Abramov, Justin Sourdif - PP : Marc McLaughlin, Mikhail Abramov - PK : Justin Sourdif
Extra Defensemen
Normal : John Ludvig, Eemil Viro, Matt Donovan - PP : Chase Priskie - PK : Eemil Viro, Matt Donovan
Penalty Shots
Mikhail Abramov, Fyodor Svechkov, Hendrix Lapierre, Nicholas Robertson, Jacob Peterson
Custom OT Lines Forwards
Joel L'Esperance, Matthew Boucher, Hendrix Lapierre, Nicholas Robertson, Jacob Peterson, Fyodor Svechkov, Mikhail Abramov, Justin Sourdif, Marc McLaughlin, Bryce Kindopp
Custom OT Lines Defensemen
John Ludvig, Chase Priskie, Matt Donovan, Jake Livingstone, Eemil Viro
Scratches
Dennis Cesana (Healthy), Lukas Svejkovsky (Healthy), Bobby Trivigno (Healthy), Brady Lyle (Back Injury), Keean Washkurak (Healthy)
% Time on Ice - Wolfpack
Lines # - Real PCT - Wanted PCT - Time Play
Normal Forward
1 - 16% - 25% - 4:11
2 - 22% - 25% - 5:35
3 - 43% - 25% - 11:06
4 - 19% - 25% - 4:58
Normal Defense
1 - 19% - 25% - 4:54
2 - 23% - 25% - 6:03
3 - 36% - 25% - 9:23
4 - 21% - 25% - 5:30
PP Forward
1 - 49% - 60% - 7:31
2 - 51% - 40% - 7:41
PP Defense
1 - 54% - 60% - 8:11
2 - 46% - 40% - 7:01
PK Forward
1 - 74% - 60% - 9:18
2 - 26% - 40% - 3:20
PK Defense
1 - 51% - 60% - 6:23
2 - 49% - 40% - 6:15
PK3 Forward
1 - 55% - 60% - 0:47
2 - 45% - 40% - 0:39
PK3 Defense
1 - 37% - 60% - 0:32
2 - 63% - 40% - 0:54
44 Forward
1 - 80% - 60% - 3:55
2 - 20% - 40% - 0:59
44 Defense
1 - 53% - 60% - 2:35
2 - 47% - 40% - 2:19
Last Minute Offensive - 0:00
Last Minute Defensive - 0:00
Total
Forward - 60:00
Defense - 60:00
|
% Time on Ice - Griffins
Lines # - Real PCT - Wanted PCT - Time Play
Normal Forward
1 - 22% - 25% - 5:42
2 - 21% - 25% - 5:28
3 - 49% - 25% - 12:45
4 - 7% - 25% - 1:55
Normal Defense
1 - 13% - 25% - 3:19
2 - 40% - 25% - 10:27
3 - 34% - 25% - 8:45
4 - 13% - 25% - 3:19
PP Forward
1 - 55% - 60% - 7:48
2 - 45% - 40% - 6:16
PP Defense
1 - 53% - 60% - 7:27
2 - 47% - 40% - 6:37
PK Forward
1 - 69% - 60% - 9:41
2 - 31% - 40% - 4:27
PK Defense
1 - 63% - 60% - 8:51
2 - 37% - 40% - 5:17
PK3 Forward
1 - 69% - 60% - 2:08
2 - 31% - 40% - 0:58
PK3 Defense
1 - 59% - 60% - 1:49
2 - 41% - 40% - 1:17
44 Forward
1 - 84% - 60% - 2:25
2 - 16% - 40% - 0:27
44 Defense
1 - 47% - 60% - 1:20
2 - 53% - 40% - 1:32
Last Minute Offensive - 0:00
Last Minute Defensive - 0:00
Total
Forward - 60:00
Defense - 60:00
|
Play-by-Play
1st period
0:01 of 1st period - Mavrik Bourque wins face-off versus Hendrix Lapierre in neutral zone.
0:21 of 1st period - Icing by Mackenzie Entwistle.
0:22 of 1st period - Mavrik Bourque wins face-off versus Jacob Peterson in Wolfpack zone.
0:28 of 1st period - Minor Penalty to Mackenzie Entwistle for Hooking.
0:29 of 1st period - Nicolas Deslauriers wins face-off versus Jacob Peterson in Wolfpack zone.
0:44 of 1st period - Shot by John Ludvig.
0:44 of 1st period - Shot Misses the Net.
0:46 of 1st period - Shot by John Ludvig.
0:46 of 1st period - Shot Misses the Net.
0:56 of 1st period - Shot by John Ludvig.
0:56 of 1st period - Shot Blocked by Josh Mahura.
1:01 of 1st period - Minor Penalty to Josh Mahura for Holding.
1:02 of 1st period - Hendrix Lapierre wins face-off versus Drake Caggiula in Wolfpack zone.
1:21 of 1st period - Off-side.
1:22 of 1st period - Drake Caggiula wins face-off versus Hendrix Lapierre in neutral zone.
1:47 of 1st period - Shot by John Ludvig.
1:47 of 1st period - Shot Blocked by Marco Scandella.
2:11 of 1st period - Shot by Jacob Peterson.
2:11 of 1st period - Shot Misses the Net.
2:13 of 1st period - Shot by Matt Donovan.
2:13 of 1st period - Shot Blocked by Will Butcher.
2:25 of 1st period - Shot by Nicholas Robertson.
2:25 of 1st period - Stopped by Jesper Wallstedt without a rebound.
2:26 of 1st period - Jacob Peterson wins face-off versus Drake Caggiula in Wolfpack zone.
3:09 of 1st period - Shot by Mackenzie Entwistle.
3:09 of 1st period - Stopped by Casey DeSmith without a rebound.
3:10 of 1st period - Hendrix Lapierre wins face-off versus Vasili Ponomarev in Griffins zone.
3:14 of 1st period - Justin Sourdif is hit by Cole Schneider and loses puck.
4:08 of 1st period - Shot by Charles Hudon.
4:08 of 1st period - Shot Misses the Net.
4:10 of 1st period - Shot by Charles Hudon.
4:10 of 1st period - Stopped by Casey DeSmith without a rebound.
4:11 of 1st period - Tyler Madden wins face-off versus Nicholas Robertson in Griffins zone.
4:28 of 1st period - Shot by Nicholas Robertson.
4:28 of 1st period - Deflect By Fyodor Svechkov.
4:28 of 1st period - Goal by Fyodor Svechkov - Wolfpack : 0 - Griffins : 1.
4:29 of 1st period - Charles Hudon wins face-off versus Mikhail Abramov in neutral zone.
4:34 of 1st period - Shot by Gage Quinney.
4:34 of 1st period - Shot Misses the Net.
4:45 of 1st period - Minor Penalty to Jacob MacDonald for Cross-checking.
4:46 of 1st period - Hendrix Lapierre wins face-off versus Nicolas Deslauriers in Wolfpack zone.
5:03 of 1st period - Shot by Hendrix Lapierre.
5:03 of 1st period - Deflect By Mikhail Abramov.
5:03 of 1st period - Shot Misses the Net.
5:41 of 1st period - John Ludvig is hit by Marco Scandella and loses puck.
5:52 of 1st period - Shot by Chase Priskie.
5:52 of 1st period - Stopped by Jesper Wallstedt without a rebound.
5:53 of 1st period - Drake Caggiula wins face-off versus Hendrix Lapierre in Wolfpack zone.
6:48 of 1st period - Nicholas Robertson is hit by Cole Schneider and loses puck.
7:11 of 1st period - Minor Penalty to Nicholas Robertson for Tripping.
7:12 of 1st period - Fyodor Svechkov wins face-off versus Charles Hudon in Griffins zone.
7:30 of 1st period - Charles Hudon is hit by Matt Donovan and loses puck.
7:33 of 1st period - Shot by Will Butcher.
7:33 of 1st period - Shot Misses the Net.
7:35 of 1st period - Shot by Charles Hudon.
7:35 of 1st period - Shot Misses the Net.
8:00 of 1st period - Shot by Marco Scandella.
8:00 of 1st period - Shot Blocked by Jake Livingstone.
8:02 of 1st period - Shot by Josh Mahura.
8:02 of 1st period - Shot Misses the Net.
8:04 of 1st period - Shot by Josh Mahura.
8:04 of 1st period - Stopped by Casey DeSmith with a rebound.
8:06 of 1st period - Shot by Josh Mahura.
8:06 of 1st period - Stopped by Casey DeSmith without a rebound.
8:07 of 1st period - Drake Caggiula wins face-off versus Hendrix Lapierre in Griffins zone.
8:28 of 1st period - Shot by Marco Scandella.
8:28 of 1st period - Shot Misses the Net.
8:30 of 1st period - Shot by Mavrik Bourque.
8:30 of 1st period - Deflect By Drake Caggiula.
8:30 of 1st period - Stopped by Casey DeSmith without a rebound.
8:31 of 1st period - Justin Sourdif wins face-off versus Charles Hudon in Griffins zone.
9:19 of 1st period - Shot by Cole Schneider.
9:19 of 1st period - Shot Misses the Net.
9:21 of 1st period - Shot by Drew Helleson.
9:21 of 1st period - Shot Misses the Net.
9:23 of 1st period - Shot by Drew Helleson.
9:23 of 1st period - Stopped by Casey DeSmith with a rebound.
10:56 of 1st period - Shot by Hendrix Lapierre.
10:56 of 1st period - Stopped by Jesper Wallstedt without a rebound.
10:57 of 1st period - Mavrik Bourque wins face-off versus Jacob Peterson in Wolfpack zone.
11:08 of 1st period - Shot by Mackenzie Entwistle.
11:08 of 1st period - Shot Misses the Net.
11:18 of 1st period - Shot by Mavrik Bourque.
11:18 of 1st period - Stopped by Casey DeSmith with a rebound.
12:46 of 1st period - Shot by Nicolas Deslauriers.
12:46 of 1st period - Deflect By Charles Hudon.
12:46 of 1st period - Shot Blocked by Jake Livingstone.
13:56 of 1st period - Shot by John Leonard.
13:56 of 1st period - Shot Blocked by Mikhail Abramov.
14:06 of 1st period - Cole Schneider is hit by Matthew Boucher and loses puck.
14:47 of 1st period - Shot by Gage Quinney.
14:47 of 1st period - Shot Misses the Net.
14:51 of 1st period - Shot by Charles Hudon.
14:51 of 1st period - Deflect By Nicolas Deslauriers.
14:51 of 1st period - Stopped by Casey DeSmith without a rebound.
14:52 of 1st period - Tyler Madden wins face-off versus Bryce Kindopp in Griffins zone.
14:59 of 1st period - Shot by Emil Bemstrom.
14:59 of 1st period - Stopped by Casey DeSmith without a rebound.
15:00 of 1st period - Mikhail Abramov wins face-off versus Mavrik Bourque in Griffins zone.
15:04 of 1st period - Matthew Boucher is hit by Drake Caggiula and loses puck.
15:05 of 1st period - Minor Penalty to Mackenzie Entwistle for High sticking.
15:06 of 1st period - Jacob Peterson wins face-off versus Nicolas Deslauriers in Wolfpack zone.
15:07 of 1st period - Shot by Nicholas Robertson.
15:07 of 1st period - Stopped by Jesper Wallstedt without a rebound.
15:08 of 1st period - Nicolas Deslauriers wins face-off versus Jacob Peterson in Wolfpack zone.
16:57 of 1st period - John Ludvig is hit by Gage Quinney and loses puck.
17:18 of 1st period - Icing by Dillon Heatherington.
17:19 of 1st period - Hendrix Lapierre wins face-off versus Tyler Madden in Wolfpack zone.
17:20 of 1st period - Shot by Joel L'Esperance.
17:20 of 1st period - Deflect By Hendrix Lapierre.
17:20 of 1st period - Shot Blocked by Drew Helleson.
17:49 of 1st period - Shot by Emil Bemstrom.
17:49 of 1st period - Shot Misses the Net.
18:10 of 1st period - Icing by Hendrix Lapierre.
18:11 of 1st period - Hendrix Lapierre wins face-off versus Charles Hudon in Griffins zone.
18:29 of 1st period - Mikhail Abramov is hit by Marco Scandella and loses puck.
18:49 of 1st period - Off-side.
18:50 of 1st period - Jacob Peterson wins face-off versus Vasili Ponomarev in neutral zone.
19:25 of 1st period - Shot by John Leonard.
19:25 of 1st period - Stopped by Casey DeSmith without a rebound.
19:26 of 1st period - Mikhail Abramov wins face-off versus Mavrik Bourque in Griffins zone.
19:34 of 1st period - Minor Penalty to Drew Helleson for Tripping.
19:35 of 1st period - Hendrix Lapierre wins face-off versus Nicolas Deslauriers in Wolfpack zone.
Goals for this period are 0 for Wolfpack vs 1 for Griffins.
Shots for this period are 10 for Wolfpack vs 5 for Griffins.
2nd period
0:01 of 2nd period - Nicolas Deslauriers wins face-off versus Hendrix Lapierre in neutral zone.
0:10 of 2nd period - Shot by Hendrix Lapierre.
0:10 of 2nd period - Goal by Hendrix Lapierre - Wolfpack : 0 - Griffins : 2.
0:11 of 2nd period - Nicholas Robertson wins face-off versus Mavrik Bourque in neutral zone.
0:25 of 2nd period - Minor Penalty to Matt Donovan for Roughing.
0:26 of 2nd period - Fyodor Svechkov wins face-off versus Charles Hudon in Griffins zone.
0:30 of 2nd period - Double Minor Penalty to Nicolas Deslauriers for High sticking.
0:31 of 2nd period - Fyodor Svechkov wins face-off versus John Leonard in Wolfpack zone.
0:38 of 2nd period - John Ludvig is hit by Mackenzie Entwistle and loses puck.
0:51 of 2nd period - Shot by John Leonard.
0:51 of 2nd period - Shot Blocked by John Ludvig.
0:54 of 2nd period - Minor Penalty to John Ludvig for Interference.
0:55 of 2nd period - Fyodor Svechkov wins face-off versus John Leonard in Griffins zone.
1:05 of 2nd period - Off-side.
1:06 of 2nd period - John Leonard wins face-off versus Fyodor Svechkov in neutral zone.
1:09 of 2nd period - Shot by Jacob MacDonald.
1:09 of 2nd period - Shot Misses the Net.
1:11 of 2nd period - Shot by Jacob MacDonald.
1:11 of 2nd period - Shot Misses the Net.
1:13 of 2nd period - Shot by Jacob MacDonald.
1:13 of 2nd period - Shot Misses the Net.
1:15 of 2nd period - Shot by Jacob MacDonald.
1:15 of 2nd period - Stopped by Casey DeSmith without a rebound.
1:16 of 2nd period - Fyodor Svechkov wins face-off versus John Leonard in Griffins zone.
2:40 of 2nd period - Shot by Fyodor Svechkov.
2:40 of 2nd period - Deflect By Jacob Peterson.
2:40 of 2nd period - Shot Blocked by Vasili Ponomarev.
2:42 of 2nd period - Shot by Fyodor Svechkov.
2:42 of 2nd period - Shot Misses the Net.
2:44 of 2nd period - Shot by Chase Priskie.
2:44 of 2nd period - Shot Misses the Net.
2:46 of 2nd period - Shot by Jacob Peterson.
2:46 of 2nd period - Shot Hit the Post.
2:52 of 2nd period - Shot by Jacob Peterson.
2:52 of 2nd period - Shot Blocked by Marco Scandella.
3:37 of 2nd period - Shot by Nicholas Robertson.
3:37 of 2nd period - Shot Misses the Net.
4:19 of 2nd period - Shot by John Ludvig.
4:19 of 2nd period - Stopped by Jesper Wallstedt without a rebound.
4:20 of 2nd period - Cole Schneider wins face-off versus Hendrix Lapierre in Wolfpack zone.
4:33 of 2nd period - Shot by Hendrix Lapierre.
4:33 of 2nd period - Stopped by Jesper Wallstedt without a rebound.
4:34 of 2nd period - Vasili Ponomarev wins face-off versus Mikhail Abramov in Wolfpack zone.
4:39 of 2nd period - Shot by Vasili Ponomarev.
4:39 of 2nd period - Shot Misses the Net.
4:43 of 2nd period - Shot by John Leonard.
4:43 of 2nd period - Stopped by Casey DeSmith without a rebound.
4:44 of 2nd period - Jacob Peterson wins face-off versus Charles Hudon in Griffins zone.
4:57 of 2nd period - Shot by Jacob Peterson.
4:57 of 2nd period - Stopped by Jesper Wallstedt without a rebound.
4:58 of 2nd period - Tyler Madden wins face-off versus Hendrix Lapierre in Wolfpack zone.
4:58 of 2nd period - Tyler Madden is hit by Joel L'Esperance.
5:05 of 2nd period - Emil Bemstrom is hit by John Ludvig.
5:07 of 2nd period - Shot by Mackenzie Entwistle.
5:07 of 2nd period - Shot Misses the Net.
5:09 of 2nd period - Shot by Mackenzie Entwistle.
5:09 of 2nd period - Stopped by Casey DeSmith without a rebound.
5:10 of 2nd period - Mikhail Abramov wins face-off versus Charles Hudon in Griffins zone.
5:32 of 2nd period - Charles Hudon is hit by Mikhail Abramov and loses puck.
6:24 of 2nd period - Minor Penalty to Justin Sourdif for Holding Stick.
6:25 of 2nd period - Fyodor Svechkov wins face-off versus Mavrik Bourque in Griffins zone.
6:41 of 2nd period - Mavrik Bourque is hit by John Ludvig and loses puck.
7:49 of 2nd period - Off-side.
7:50 of 2nd period - Mavrik Bourque wins face-off versus Jack Finley in neutral zone.
8:05 of 2nd period - Shot by Mackenzie Entwistle.
8:05 of 2nd period - Stopped by Casey DeSmith without a rebound.
8:06 of 2nd period - Charles Hudon wins face-off versus Hendrix Lapierre in Griffins zone.
8:11 of 2nd period - Shot by Josh Mahura.
8:11 of 2nd period - Shot Misses the Net.
8:13 of 2nd period - Shot by Josh Mahura.
8:13 of 2nd period - Shot Blocked by John Ludvig.
8:17 of 2nd period - Shot by Josh Mahura.
8:17 of 2nd period - Shot Misses the Net.
8:19 of 2nd period - Shot by Gage Quinney.
8:19 of 2nd period - Stopped by Casey DeSmith with a rebound.
8:23 of 2nd period - Shot by Josh Mahura.
8:23 of 2nd period - Deflect By Charles Hudon.
8:23 of 2nd period - Stopped by Casey DeSmith without a rebound.
8:24 of 2nd period - Vasili Ponomarev wins face-off versus Mikhail Abramov in Griffins zone.
8:53 of 2nd period - Icing by Dillon Heatherington.
8:54 of 2nd period - Vasili Ponomarev wins face-off versus Justin Sourdif in Wolfpack zone.
9:06 of 2nd period - Shot by Cole Schneider.
9:06 of 2nd period - Shot Misses the Net.
9:08 of 2nd period - Shot by Cole Schneider.
9:08 of 2nd period - Stopped by Casey DeSmith with a rebound.
9:10 of 2nd period - Shot by John Leonard.
9:10 of 2nd period - Shot Blocked by Matt Donovan.
9:12 of 2nd period - Shot by Cole Schneider.
9:12 of 2nd period - Stopped by Casey DeSmith without a rebound.
9:13 of 2nd period - Jacob Peterson wins face-off versus Drake Caggiula in Griffins zone.
9:17 of 2nd period - Minor Penalty to John Ludvig for Interference.
9:18 of 2nd period - Jacob Peterson wins face-off versus Mavrik Bourque in Griffins zone.
9:29 of 2nd period - Shot by Mavrik Bourque.
9:29 of 2nd period - Goal by Mavrik Bourque - Wolfpack : 1 - Griffins : 2.
9:30 of 2nd period - Charles Hudon wins face-off versus Justin Sourdif in neutral zone.
9:30 of 2nd period - Minor Penalty to Nicholas Robertson for Slashing.
9:31 of 2nd period - Fyodor Svechkov wins face-off versus Mavrik Bourque in Griffins zone.
9:31 of 2nd period - Fyodor Svechkov is hit by Mackenzie Entwistle.
9:55 of 2nd period - Shot by Josh Mahura.
9:55 of 2nd period - Stopped by Casey DeSmith without a rebound.
9:56 of 2nd period - Fyodor Svechkov wins face-off versus Charles Hudon in Griffins zone.
10:36 of 2nd period - Shot by Justin Sourdif.
10:36 of 2nd period - Shot Blocked by Will Butcher.
10:55 of 2nd period - Drake Caggiula is hit by Jake Livingstone and loses puck.
10:57 of 2nd period - Minor Penalty to Jake Livingstone for Cross-checking.
10:57 of 2nd period - Double Minor Penalty to Mackenzie Entwistle for Roughing.
10:58 of 2nd period - Fyodor Svechkov wins face-off versus John Leonard in Griffins zone.
11:46 of 2nd period - Shot by Matt Donovan.
11:46 of 2nd period - Stopped by Jesper Wallstedt with a rebound.
12:29 of 2nd period - Shot by Charles Hudon.
12:29 of 2nd period - Goal by Charles Hudon - Wolfpack : 2 - Griffins : 2.
12:30 of 2nd period - Marc McLaughlin wins face-off versus Cole Schneider in neutral zone.
12:48 of 2nd period - Shot by Marc McLaughlin.
12:48 of 2nd period - Shot Misses the Net.
13:03 of 2nd period - Mikhail Abramov is hit by Drew Helleson and loses puck.
13:07 of 2nd period - Hendrix Lapierre is hit by Drew Helleson and loses puck.
13:10 of 2nd period - Shot by Artem Guryev.
13:10 of 2nd period - Shot Hit the Post.
13:34 of 2nd period - Icing by Justin Sourdif.
13:35 of 2nd period - Justin Sourdif wins face-off versus Nicolas Deslauriers in Griffins zone.
14:32 of 2nd period - Shot by Justin Sourdif.
14:32 of 2nd period - Stopped by Jesper Wallstedt with a rebound.
14:34 of 2nd period - Shot by Matt Donovan.
14:34 of 2nd period - Shot Misses the Net.
14:36 of 2nd period - Shot by Justin Sourdif.
14:36 of 2nd period - Deflect By Mikhail Abramov.
14:36 of 2nd period - Shot Misses the Net.
14:38 of 2nd period - Shot by Jake Livingstone.
14:38 of 2nd period - Shot Blocked by Will Butcher.
15:01 of 2nd period - Icing by Mackenzie Entwistle.
15:02 of 2nd period - Tyler Madden wins face-off versus Jack Finley in Wolfpack zone.
15:02 of 2nd period - Emil Bemstrom is hit by Bryce Kindopp and loses puck.
15:06 of 2nd period - Emil Bemstrom is hit by Bryce Kindopp.
15:25 of 2nd period - Bryce Kindopp is hit by Drew Helleson and loses puck.
15:33 of 2nd period - Minor Penalty to Jack Finley for Slashing.
15:34 of 2nd period - Drake Caggiula wins face-off versus Fyodor Svechkov in Griffins zone.
15:39 of 2nd period - Shot by Mavrik Bourque.
15:39 of 2nd period - Shot Misses the Net.
15:41 of 2nd period - Shot by Mackenzie Entwistle.
15:41 of 2nd period - Shot Blocked by Chase Priskie.
15:43 of 2nd period - Shot by Marco Scandella.
15:43 of 2nd period - Shot Blocked by Jacob Peterson.
15:45 of 2nd period - Shot by Marco Scandella.
15:45 of 2nd period - Shot Misses the Net.
15:47 of 2nd period - Shot by Josh Mahura.
15:47 of 2nd period - Stopped by Casey DeSmith without a rebound.
15:48 of 2nd period - Charles Hudon wins face-off versus Fyodor Svechkov in Griffins zone.
15:59 of 2nd period - Shot by Marco Scandella.
15:59 of 2nd period - Shot Blocked by Chase Priskie.
16:01 of 2nd period - Shot by Marco Scandella.
16:01 of 2nd period - Stopped by Casey DeSmith without a rebound.
16:02 of 2nd period - Mavrik Bourque wins face-off versus Fyodor Svechkov in Griffins zone.
16:02 of 2nd period - Josh Mahura is hit by Matt Donovan and loses puck.
16:13 of 2nd period - Shot by Josh Mahura.
16:13 of 2nd period - Shot Blocked by Jacob Peterson.
16:28 of 2nd period - Minor Penalty to Matt Donovan for Holding.
16:29 of 2nd period - Charles Hudon wins face-off versus Nicholas Robertson in Griffins zone.
18:44 of 2nd period - Bryce Kindopp is hit by John Leonard and loses puck.
18:53 of 2nd period - Shot by Vasili Ponomarev.
18:53 of 2nd period - Shot Misses the Net.
19:05 of 2nd period - Shot by Vasili Ponomarev.
19:05 of 2nd period - Shot Misses the Net.
19:37 of 2nd period - Shot by Emil Bemstrom.
19:37 of 2nd period - Shot Misses the Net.
19:47 of 2nd period - Shot by Nicholas Robertson.
19:47 of 2nd period - Shot Misses the Net.
19:49 of 2nd period - Shot by Hendrix Lapierre.
19:49 of 2nd period - Shot Misses the Net.
19:51 of 2nd period - Shot by Hendrix Lapierre.
19:51 of 2nd period - Stopped by Jesper Wallstedt with a rebound.
Goals for this period are 2 for Wolfpack vs 1 for Griffins.
Shots for this period are 13 for Wolfpack vs 7 for Griffins.
3rd period
0:01 of 3rd period - Justin Sourdif wins face-off versus Mavrik Bourque in neutral zone.
0:05 of 3rd period - Minor Penalty to John Ludvig for Tripping.
0:06 of 3rd period - Mavrik Bourque wins face-off versus Fyodor Svechkov in Griffins zone.
0:57 of 3rd period - Shot by Gage Quinney.
0:57 of 3rd period - Shot Misses the Net.
0:59 of 3rd period - Shot by Nicolas Deslauriers.
0:59 of 3rd period - Shot Blocked by Eemil Viro.
1:01 of 3rd period - Shot by Will Butcher.
1:01 of 3rd period - Stopped by Casey DeSmith without a rebound.
1:02 of 3rd period - Hendrix Lapierre wins face-off versus Gage Quinney in Griffins zone.
1:02 of 3rd period - Hendrix Lapierre is hit by Nicolas Deslauriers.
1:53 of 3rd period - Hendrix Lapierre is hit by Mackenzie Entwistle and loses puck.
2:02 of 3rd period - Shot by Josh Mahura.
2:02 of 3rd period - Shot Blocked by Artem Guryev.
2:04 of 3rd period - Shot by Drake Caggiula.
2:04 of 3rd period - Deflect By Mavrik Bourque.
2:04 of 3rd period - Shot Misses the Net.
2:10 of 3rd period - John Leonard is hit by Mikhail Abramov and loses puck.
2:16 of 3rd period - Bryce Kindopp is hit by Drew Helleson.
2:20 of 3rd period - Shot by John Ludvig.
2:20 of 3rd period - Shot Misses the Net.
2:22 of 3rd period - Shot by Chase Priskie.
2:22 of 3rd period - Stopped by Jesper Wallstedt without a rebound.
2:23 of 3rd period - Hendrix Lapierre wins face-off versus Tyler Madden in Wolfpack zone.
2:26 of 3rd period - Shot by Joel L'Esperance.
2:26 of 3rd period - Shot Blocked by Drew Helleson.
2:30 of 3rd period - Shot by Joel L'Esperance.
2:30 of 3rd period - Shot Misses the Net.
2:32 of 3rd period - Shot by Matt Donovan.
2:32 of 3rd period - Stopped by Jesper Wallstedt without a rebound.
2:33 of 3rd period - Mikhail Abramov wins face-off versus John Leonard in Wolfpack zone.
2:34 of 3rd period - Shot by Bryce Kindopp.
2:34 of 3rd period - Goal by Bryce Kindopp - Wolfpack : 2 - Griffins : 3.
2:35 of 3rd period - Vasili Ponomarev wins face-off versus Mikhail Abramov in neutral zone.
2:37 of 3rd period - Marco Scandella is hit by Matthew Boucher and loses puck.
2:47 of 3rd period - Shot by Vasili Ponomarev.
2:47 of 3rd period - Stopped by Casey DeSmith with a rebound.
2:49 of 3rd period - Shot by Cole Schneider.
2:49 of 3rd period - Shot Misses the Net.
3:34 of 3rd period - Minor Penalty to Bryce Kindopp for High sticking.
3:35 of 3rd period - Mavrik Bourque wins face-off versus Fyodor Svechkov in Griffins zone.
3:57 of 3rd period - Shot by Drake Caggiula.
3:57 of 3rd period - Shot Misses the Net.
3:59 of 3rd period - Shot by Will Butcher.
3:59 of 3rd period - Stopped by Casey DeSmith without a rebound.
4:00 of 3rd period - Charles Hudon wins face-off versus Jacob Peterson in Griffins zone.
4:24 of 3rd period - Icing by Josh Mahura.
4:25 of 3rd period - Fyodor Svechkov wins face-off versus Gage Quinney in Wolfpack zone.
5:01 of 3rd period - Minor Penalty to Drake Caggiula for Interference.
5:02 of 3rd period - Fyodor Svechkov wins face-off versus John Leonard in Wolfpack zone.
5:24 of 3rd period - Shot by John Leonard.
5:24 of 3rd period - Shot Blocked by Jake Livingstone.
5:26 of 3rd period - Shot by Jacob MacDonald.
5:26 of 3rd period - Stopped by Casey DeSmith with a rebound.
5:28 of 3rd period - Shot by Mackenzie Entwistle.
5:28 of 3rd period - Deflect By John Leonard.
5:28 of 3rd period - Shot Misses the Net.
5:53 of 3rd period - Icing by John Ludvig.
5:54 of 3rd period - Hendrix Lapierre wins face-off versus Nicolas Deslauriers in Griffins zone.
5:54 of 3rd period - Hendrix Lapierre is hit by Mackenzie Entwistle.
6:08 of 3rd period - Mackenzie Entwistle is hit by Justin Sourdif and loses puck.
6:39 of 3rd period - Jacob MacDonald is hit by Jacob Peterson and loses puck.
7:05 of 3rd period - Shot by Vasili Ponomarev.
7:05 of 3rd period - Stopped by Casey DeSmith without a rebound.
7:06 of 3rd period - Charles Hudon wins face-off versus Hendrix Lapierre in Griffins zone.
7:10 of 3rd period - Minor Penalty to Eemil Viro for Tripping.
7:11 of 3rd period - Mavrik Bourque wins face-off versus Hendrix Lapierre in Griffins zone.
7:15 of 3rd period - Shot by Josh Mahura.
7:15 of 3rd period - Shot Misses the Net.
7:17 of 3rd period - Shot by Marco Scandella.
7:17 of 3rd period - Shot Blocked by John Ludvig.
7:19 of 3rd period - Shot by Marco Scandella.
7:19 of 3rd period - Stopped by Casey DeSmith without a rebound.
7:20 of 3rd period - Charles Hudon wins face-off versus Hendrix Lapierre in Griffins zone.
7:37 of 3rd period - Shot by Gage Quinney.
7:37 of 3rd period - Shot Blocked by John Ludvig.
7:39 of 3rd period - Shot by Marco Scandella.
7:39 of 3rd period - Shot Blocked by John Ludvig.
7:41 of 3rd period - Shot by Josh Mahura.
7:41 of 3rd period - Shot Misses the Net.
7:47 of 3rd period - Shot by Nicolas Deslauriers.
7:47 of 3rd period - Shot Blocked by Chase Priskie.
8:09 of 3rd period - Shot by Drake Caggiula.
8:09 of 3rd period - Deflect By Mavrik Bourque.
8:09 of 3rd period - Stopped by Casey DeSmith without a rebound.
8:10 of 3rd period - Mavrik Bourque wins face-off versus Fyodor Svechkov in Griffins zone.
8:21 of 3rd period - Shot by Drake Caggiula.
8:21 of 3rd period - Goal by Drake Caggiula - Wolfpack : 3 - Griffins : 3.
8:22 of 3rd period - Mikhail Abramov wins face-off versus Vasili Ponomarev in neutral zone.
8:29 of 3rd period - Shot by Mikhail Abramov.
8:29 of 3rd period - Stopped by Jesper Wallstedt without a rebound.
8:30 of 3rd period - Vasili Ponomarev wins face-off versus Matthew Boucher in Wolfpack zone.
9:11 of 3rd period - Icing by Drew Helleson.
9:12 of 3rd period - Vasili Ponomarev wins face-off versus Hendrix Lapierre in Wolfpack zone.
9:12 of 3rd period - Vasili Ponomarev is hit by Hendrix Lapierre.
10:35 of 3rd period - Shot by Jacob Peterson.
10:35 of 3rd period - Shot Misses the Net.
10:37 of 3rd period - Shot by Fyodor Svechkov.
10:37 of 3rd period - Stopped by Jesper Wallstedt with a rebound.
11:14 of 3rd period - Shot by Gage Quinney.
11:14 of 3rd period - Stopped by Casey DeSmith with a rebound.
11:16 of 3rd period - Shot by Josh Mahura.
11:16 of 3rd period - Shot Blocked by Eemil Viro.
11:23 of 3rd period - Minor Penalty to Nicolas Deslauriers for Roughing.
11:24 of 3rd period - Gage Quinney wins face-off versus Hendrix Lapierre in Wolfpack zone.
12:16 of 3rd period - Shot by Fyodor Svechkov.
12:16 of 3rd period - Stopped by Jesper Wallstedt without a rebound.
12:17 of 3rd period - Gage Quinney wins face-off versus Jacob Peterson in Wolfpack zone.
12:28 of 3rd period - Shot by Fyodor Svechkov.
12:28 of 3rd period - Deflect By Nicholas Robertson.
12:28 of 3rd period - Stopped by Jesper Wallstedt with a rebound.
12:30 of 3rd period - Shot by Fyodor Svechkov.
12:30 of 3rd period - Deflect By Nicholas Robertson.
12:30 of 3rd period - Stopped by Jesper Wallstedt without a rebound.
12:31 of 3rd period - Hendrix Lapierre wins face-off versus Cole Schneider in Wolfpack zone.
12:34 of 3rd period - Shot by Justin Sourdif.
12:34 of 3rd period - Shot Blocked by Marco Scandella.
12:36 of 3rd period - Shot by Chase Priskie.
12:36 of 3rd period - Deflect By Hendrix Lapierre.
12:36 of 3rd period - Stopped by Jesper Wallstedt without a rebound.
12:37 of 3rd period - Cole Schneider wins face-off versus Jacob Peterson in Wolfpack zone.
13:03 of 3rd period - Shot by Nicholas Robertson.
13:03 of 3rd period - Shot Misses the Net.
13:05 of 3rd period - Shot by Jake Livingstone.
13:05 of 3rd period - Stopped by Jesper Wallstedt with a rebound.
13:18 of 3rd period - Shot by Hendrix Lapierre.
13:18 of 3rd period - Goal by Hendrix Lapierre - Wolfpack : 3 - Griffins : 4.
13:19 of 3rd period - Charles Hudon wins face-off versus Hendrix Lapierre in neutral zone.
13:52 of 3rd period - Shot by Nicolas Deslauriers.
13:52 of 3rd period - Stopped by Casey DeSmith with a rebound.
13:55 of 3rd period - Icing by Eemil Viro.
13:56 of 3rd period - Vasili Ponomarev wins face-off versus Hendrix Lapierre in Griffins zone.
13:59 of 3rd period - Shot by Cole Schneider.
13:59 of 3rd period - Stopped by Casey DeSmith without a rebound.
14:00 of 3rd period - Bryce Kindopp wins face-off versus Mavrik Bourque in Griffins zone.
14:00 of 3rd period - Bryce Kindopp is hit by Mackenzie Entwistle.
14:10 of 3rd period - Shot by John Ludvig.
14:10 of 3rd period - Stopped by Jesper Wallstedt with a rebound.
14:12 of 3rd period - Shot by Mikhail Abramov.
14:12 of 3rd period - Shot Misses the Net.
14:18 of 3rd period - Shot by Mikhail Abramov.
14:18 of 3rd period - Stopped by Jesper Wallstedt without a rebound.
14:19 of 3rd period - Jacob Peterson wins face-off versus Vasili Ponomarev in Wolfpack zone.
14:19 of 3rd period - Jacob Peterson is hit by Marco Scandella.
14:21 of 3rd period - Shot by Nicholas Robertson.
14:21 of 3rd period - Shot Misses the Net.
14:27 of 3rd period - Vasili Ponomarev is hit by Fyodor Svechkov.
14:49 of 3rd period - Shot by Vasili Ponomarev.
14:49 of 3rd period - Stopped by Casey DeSmith with a rebound.
15:27 of 3rd period - Shot by Mikhail Abramov.
15:27 of 3rd period - Shot Misses the Net.
15:37 of 3rd period - Minor Penalty to John Ludvig for Tripping.
15:38 of 3rd period - Justin Sourdif wins face-off versus Mavrik Bourque in Griffins zone.
15:59 of 3rd period - Shot by Josh Mahura.
15:59 of 3rd period - Shot Misses the Net.
16:07 of 3rd period - Shot by Drake Caggiula.
16:07 of 3rd period - Shot Misses the Net.
16:35 of 3rd period - Shot by Will Butcher.
16:35 of 3rd period - Shot Misses the Net.
16:51 of 3rd period - Justin Sourdif is hit by Mackenzie Entwistle and loses puck.
17:14 of 3rd period - Shot by Colton White.
17:14 of 3rd period - Shot Misses the Net.
17:40 of 3rd period - Shot by Vasili Ponomarev.
17:40 of 3rd period - Shot Misses the Net.
17:42 of 3rd period - Shot by John Leonard.
17:42 of 3rd period - Goal by John Leonard - Wolfpack : 4 - Griffins : 4.
17:43 of 3rd period - Vasili Ponomarev wins face-off versus Mikhail Abramov in neutral zone.
18:08 of 3rd period - Shot by Vasili Ponomarev.
18:08 of 3rd period - Shot Misses the Net.
18:26 of 3rd period - Tyler Madden is hit by Matthew Boucher and loses puck.
18:43 of 3rd period - Shot by Jacob MacDonald.
18:43 of 3rd period - Shot Blocked by Jake Livingstone.
19:14 of 3rd period - Shot by Nicolas Deslauriers.
19:14 of 3rd period - Shot Blocked by Matt Donovan.
19:20 of 3rd period - Shot by Gage Quinney.
19:20 of 3rd period - Shot Hit the Post.
19:54 of 3rd period - Shot by Drake Caggiula.
19:54 of 3rd period - Deflect By Mavrik Bourque.
19:54 of 3rd period - Stopped by Casey DeSmith without a rebound.
19:55 of 3rd period - Joel L'Esperance wins face-off versus Vasili Ponomarev in Griffins zone.
Goals for this period are 2 for Wolfpack vs 2 for Griffins.
Shots for this period are 14 for Wolfpack vs 13 for Griffins.
Overtime #1
0:01 of 1st overtime period - Joel L'Esperance wins face-off versus Mavrik Bourque in neutral zone.
0:20 of 1st overtime period - Shot by Joel L'Esperance.
0:20 of 1st overtime period - Shot Misses the Net.
0:22 of 1st overtime period - Shot by Matthew Boucher.
0:22 of 1st overtime period - Shot Misses the Net.
0:26 of 1st overtime period - Shot by Joel L'Esperance.
0:26 of 1st overtime period - Shot Misses the Net.
0:28 of 1st overtime period - Shot by Joel L'Esperance.
0:28 of 1st overtime period - Shot Misses the Net.
0:48 of 1st overtime period - Shot by Nicholas Robertson.
0:48 of 1st overtime period - Shot Misses the Net.
1:04 of 1st overtime period - Shot by Hendrix Lapierre.
1:04 of 1st overtime period - Stopped by Jesper Wallstedt without a rebound.
1:05 of 1st overtime period - Hendrix Lapierre wins face-off versus Charles Hudon in Wolfpack zone.
1:16 of 1st overtime period - Shot by Hendrix Lapierre.
1:16 of 1st overtime period - Shot Blocked by Charles Hudon.
1:40 of 1st overtime period - Shot by Drake Caggiula.
1:40 of 1st overtime period - Stopped by Casey DeSmith without a rebound.
1:41 of 1st overtime period - John Leonard wins face-off versus Joel L'Esperance in Griffins zone.
2:00 of 1st overtime period - Shot by Nicolas Deslauriers.
2:00 of 1st overtime period - Stopped by Casey DeSmith with a rebound.
2:02 of 1st overtime period - Shot by John Leonard.
2:02 of 1st overtime period - Shot Misses the Net.
2:35 of 1st overtime period - Shot by Mavrik Bourque.
2:35 of 1st overtime period - Deflect By Drake Caggiula.
2:35 of 1st overtime period - Shot Misses the Net.
2:53 of 1st overtime period - Shot by Fyodor Svechkov.
2:53 of 1st overtime period - Deflect By Jacob Peterson.
2:53 of 1st overtime period - Stopped by Jesper Wallstedt with a rebound.
2:55 of 1st overtime period - Shot by Matt Donovan.
2:55 of 1st overtime period - Shot Blocked by Josh Mahura.
3:14 of 1st overtime period - Icing by Drake Caggiula.
3:15 of 1st overtime period - Mavrik Bourque wins face-off versus Hendrix Lapierre in Wolfpack zone.
4:01 of 1st overtime period - Icing by Marco Scandella.
4:02 of 1st overtime period - Charles Hudon wins face-off versus Joel L'Esperance in Wolfpack zone.
4:37 of 1st overtime period - Icing by Jacob MacDonald.
4:38 of 1st overtime period - John Leonard wins face-off versus Hendrix Lapierre in Wolfpack zone.
4:51 of 1st overtime period - Shot by Nicolas Deslauriers.
4:51 of 1st overtime period - Stopped by Casey DeSmith without a rebound.
4:52 of 1st overtime period - Jacob Peterson wins face-off versus Mavrik Bourque in Griffins zone.
Goals for this period are 0 for Wolfpack vs 0 for Griffins.
Shots for this period are 3 for Wolfpack vs 2 for Griffins.
ShootOut
5:00 of 1st overtime period - Round #1.
5:00 of 1st overtime period - Wolfpack, Vasili Ponomarev.
5:00 of 1st overtime period - Shot Misses the Net.
5:00 of 1st overtime period - Griffins, Mikhail Abramov.
5:00 of 1st overtime period - Stopped by Jesper Wallstedt.
5:00 of 1st overtime period - Round #2.
5:00 of 1st overtime period - Wolfpack, Mackenzie Entwistle.
5:00 of 1st overtime period - Stopped by Casey DeSmith.
5:00 of 1st overtime period - Griffins, Fyodor Svechkov.
5:00 of 1st overtime period - Goal by Fyodor Svechkov.
5:00 of 1st overtime period - Round #3.
5:00 of 1st overtime period - Wolfpack, Drake Caggiula.
5:00 of 1st overtime period - Shot Misses the Net.
Back to the Top